[Event "Titled Tuesday Blitz March 14 Late 2023"]
[White "Saveliev, Alexei"]
[Black "Jimenez, Joaquin"]
[WhiteFideId "24128546"]
[BlackFideId "109860"]
[WhiteElo "2271"]
[BlackElo "2163"]
[Result "1-0"]
[Round "01"]
[TimeControl "180+1"]
[Date "2023.03.14"]
[WhiteClock "0:00:39"]
[BlackClock "0:00:14"]

1. c4 Nf6 2. Nc3 g6 3. e4 d6 4. d4 Bg7 5. f4 O-O 6. Nf3 c5 7. d5 e6 8. Be2 exd5 9. cxd5 Re8 10. e5 dxe5 11. fxe5 Ng4 12. Bg5 Qb6 13. O-O c4+ 14. Kh1 Ne3 15. Bxe3 Qxe3 16. Bxc4 Bg4 17. e6 fxe6 18. dxe6 Nc6 19. Qd7 Re7 20. Rae1 Qc5 21. Qd5 Qxd5 22. Nxd5 Rae8 23. Nxe7+ Rxe7 24. h3 Bxf3 25. Rxf3 Bxb2 26. Rb3 Na5 27. Rxb2 Nxc4 28. Rc2 b5 29. a4 a6 30. axb5 axb5 31. g4 Kg7 32. g5 h6 33. h4 hxg5 34. hxg5 Kf8 35. Rh2 Rg7 36. Rh8+ Ke7 37. Rb8 Rh7+ 38. Kg1 Nd6 39. Ra8 Rh5 40. Ra7+ Ke8 41. e7 Rxg5+ 42. Kh2 Rh5+ 43. Kg3 Rg5+ 44. Kf4 Rf5+ 45. Kg4 Rf7 46. Ra8+ Kd7 47. Rd8+ Kc6 48. Rxd6+ Kxd6 49. e8=Q 1-0


[Site "https://www.chess.com"]

[Event "Titled Tuesday Blitz March 14 Late 2023"]
[White "Schmakel, Sam"]
[Black "Hoffmann, Asa"]
[WhiteFideId "2039311"]
[BlackFideId "2001470"]
[WhiteElo "2356"]
[BlackElo "2117"]
[Result "1/2-1/2"]
[Round "01"]
[TimeControl "180+1"]
[Date "2023.03.14"]
[WhiteClock "0:00:24"]
[BlackClock "0:00:23"]

1. Nf3 d6 2. d4 Bg4 3. g3 Bxf3 4. exf3 c6 5. Bg2 g6 6. f4 e6 7. h4 Bg7 8. h5 Ne7 9. c3 Nd7 10. Nd2 Nf6 11. hxg6 hxg6 12. Rxh8+ Bxh8 13. Nf3 Qb6 14. Qb3 O-O-O 15. Ng5 Rf8 16. Bd2 Qxb3 17. axb3 a6 18. b4 d5 19. Ke2 Ne8 20. Rh1 Bg7 21. g4 Nf6 22. Rh4 Kd7 23. Be3 Nc8 24. Nf3 Ne8 25. Ne5+ Ke7 26. Rh1 Ncd6 27. Kd3 Nf6 28. f3 Nd7 29. b3 Rh8 30. Rxh8 Bxh8 31. c4 Nxe5+ 32. fxe5 Ne8 33. Bg5+ Kd7 34. f4 Bg7 35. b5 axb5 36. cxb5 cxb5 37. Kc3 Bf8 38. Bf1 Kc6 39. Bd3 Nc7 40. f5 gxf5 41. gxf5 b4+ 42. Kd2 Nb5 43. Ke3 Na7 44. fxe6 fxe6 45. Bg6 Kd7 46. Kd3 Be7 47. Bd2 Nc6 48. Bf7 Nd8 49. Bg8 Nc6 50. Bf7 Nd8 51. Bg8 Nc6 52. Bf7 1/2-1/2


[Site "https://www.chess.com"]

[Event "Titled Tuesday Blitz March 14 Late 2023"]
[White "Shapiro, Bryan"]
[Black "Jaskolka, Tomasz"]
[WhiteFideId "2087740"]
[BlackFideId "1170791"]
[WhiteElo "1953"]
[BlackElo "2155"]
[Result "0-1"]
[Round "01"]
[TimeControl "180+1"]
[Date "2023.03.14"]
[WhiteClock "0:00:54"]
[BlackClock "0:00:45"]

1. d4 d5 2. c4 e5 3. dxe5 d4 4. Nf3 Nc6 5. a3 a5 6. g3 Nge7 7. Bg2 Ng6 8. O-O Ngxe5 9. Nxe5 Nxe5 10. b3 Bc5 11. Bb2 O-O 12. e3 Bg4 13. Qe1 Nd3 14. Qd2 Nxb2 15. Qxb2 dxe3 16. fxe3 Bxe3+ 17. Kh1 Qd3 18. Qc3 Rad8 19. Bxb7 Qxf1# 0-1


[Site "https://www.chess.com"]

[Event "Titled Tuesday Blitz March 14 Late 2023"]
[White "Shapiro, Viktor"]
[Black "Skytte, Rasmus"]
[WhiteFideId "4175700"]
[BlackFideId "1404210"]
[WhiteElo "2152"]
[BlackElo "2418"]
[Result "0-1"]
[Round "01"]
[TimeControl "180+1"]
[Date "2023.03.14"]
[WhiteClock "0:00:09"]
[BlackClock "0:00:50"]

1. c4 e6 2. Nc3 d5 3. d4 c5 4. e3 Nf6 5. Nf3 Nc6 6. a3 dxc4 7. Bxc4 cxd4 8. exd4 Be7 9. O-O O-O 10. Qe2 Nd5 11. Nxd5 exd5 12. Bd3 Bg4 13. Be3 Bf6 14. Rad1 Re8 15. h3 Bh5 16. Qc2 Bxf3 17. gxf3 g6 18. Bb5 Rc8 19. Qd2 a6 20. Ba4 b5 21. Bb3 Qd7 22. Kg2 Ne7 23. Rc1 Nf5 24. f4 Nh4+ 25. Kg3 Qf5 26. Rxc8 Rxc8 27. Qd1 Qe4 28. Rg1 Nf5+ 29. Kh2 Bxd4 30. Re1 Bxe3 31. fxe3 Nxe3 32. Qd2 d4 33. f5 Qf4+ 34. Kh1 Qf3+ 35. Kh2 Nxf5 36. Qg2 Qf4+ 37. Kg1 d3 38. Qf2 Qg5+ 39. Kh2 d2 40. Rd1 Rd8 41. Bc2 Ne3 42. Rxd2 Rxd2 43. Qxd2 Nf1+ 0-1


[Site "https://www.chess.com"]

[Event "Titled Tuesday Blitz March 14 Late 2023"]
[White "Shubin, Kirill"]
[Black "Sreyas Payyappat"]
[WhiteFideId "34119962"]
[BlackFideId "46674969"]
[WhiteElo "2407"]
[BlackElo "2083"]
[Result "1-0"]
[Round "01"]
[TimeControl "180+1"]
[Date "2023.03.14"]
[WhiteClock "0:01:03"]
[BlackClock "0:00:11"]

1. e4 c6 2. d4 d5 3. exd5 cxd5 4. Bd3 Nc6 5. c3 Qc7 6. Na3 a6 7. Nc2 Nf6 8. h3 g6 9. Ne2 Bf5 10. Bxf5 gxf5 11. Bf4 Qd7 12. Qd3 e6 13. O-O Bd6 14. Bxd6 Qxd6 15. Ne1 O-O 16. f4 Kh8 17. Nf3 Rg8 18. Ne5 Rg7 19. Kh1 Ne4 20. Qe3 Rag8 21. Rg1 f6 22. Nxc6 bxc6 23. b4 Ng3+ 24. Nxg3 Rxg3 25. Qd2 e5 26. fxe5 fxe5 27. dxe5 Qxe5 28. Rac1 Qe4 29. Kh2 Rd3 30. Qf2 Rgg3 31. Rce1 Rge3 32. Rgf1 Qe5+ 33. Kh1 Rxc3 34. Rxe3 Rxe3 35. Qh4 d4 36. Qd8+ Kg7 37. Qd7+ Qe7 38. Qxd4+ Kg6 39. Qc4 Qe4 40. Qg8+ Kh6 41. Qf8+ Kg6 42. Qd6+ Kh5 43. Kh2 Re2 44. Qg3 Qe5 45. Rf4 Re4 46. Rh4+ Rxh4 47. Qxe5 1-0


[Site "https://www.chess.com"]

[Event "Titled Tuesday Blitz March 14 Late 2023"]
[White "Sjugirov, Sanan"]
[Black "Tymrakiewicz, Rafal"]
[WhiteFideId "4189302"]
[BlackFideId "1108832"]
[WhiteElo "2569"]
[BlackElo "2151"]
[Result "0-1"]
[Round "01"]
[TimeControl "180+1"]
[Date "2023.03.14"]
[WhiteClock "0:00:02"]
[BlackClock "0:00:04"]

1. d4 Nf6 2. c4 d6 3. Nf3 Nc6 4. d5 Ne5 5. Nxe5 dxe5 6. Nc3 e6 7. e4 Bc5 8. Be2 c6 9. O-O O-O 10. Bf3 h6 11. Re1 Bd4 12. Ne2 Bb6 13. Nc3 Bd4 14. Be3 Bxc3 15. bxc3 exd5 16. exd5 cxd5 17. Bxd5 Nxd5 18. cxd5 b6 19. c4 Bd7 20. c5 bxc5 21. Bxc5 Re8 22. Rc1 Qa5 23. a3 Rac8 24. Bb4 Rxc1 25. Bxa5 Rxd1 26. Rxd1 Rc8 27. h3 a6 28. d6 f6 29. Bc7 Kf7 30. Rb1 Ke6 31. Rb6 Ra8 32. f3 Kd5 33. Kf2 f5 34. Rb1 Ke6 35. h4 g6 36. Re1 a5 37. g4 a4 38. h5 gxh5 39. gxf5+ Kxf5 40. Rh1 Kg6 41. Rg1+ Kf7 42. Rh1 Kg6 43. Ke3 Ra6 44. Rg1+ Kf7 45. Rh1 Kg6 46. Rg1+ Kf7 47. Ke4 Rc6 48. Kxe5 Rc5+ 49. Kd4 Rf5 50. Ke3 Rc5 51. Kd4 Rf5 52. Rf1 h4 53. f4 h3 54. Ke3 Rb5 55. Kf3 Bc6+ 56. Kg3 Rb3+ 57. Kh2 Bd7 58. Re1 Rb2+ 0-1


[Site "https://www.chess.com"]

[Event "Titled Tuesday Blitz March 14 Late 2023"]
[White "Smith, Garrett L"]
[Black "Volkov, Maksim"]
[WhiteFideId "2024829"]
[BlackFideId "54123070"]
[WhiteElo "2280"]
[BlackElo "2312"]
[Result "1-0"]
[Round "01"]
[TimeControl "180+1"]
[Date "2023.03.14"]
[WhiteClock "0:00:35"]
[BlackClock "0:00:27"]

1. e4 c5 2. a3 d5 3. exd5 Qxd5 4. Nc3 Qe6+ 5. Be2 Nc6 6. Nf3 Nf6 7. d3 g6 8. Be3 b6 9. Qd2 Bg7 10. h3 O-O 11. O-O-O Nd5 12. Nxd5 Qxd5 13. Kb1 Be6 14. c4 Qd6 15. Ng5 Nd4 16. h4 Rfd8 17. h5 Bf5 18. hxg6 Bxg6 19. Ne4 Qe6 20. f3 Rac8 21. Bh6 Bh8 22. Bf4 b5 23. cxb5 c4 24. dxc4 Nxf3 25. Qxd8+ Rxd8 26. Rxd8+ Kg7 27. Bh6# 1-0


[Site "https://www.chess.com"]

[Event "Titled Tuesday Blitz March 14 Late 2023"]
[White "Sochacki, Christophe"]
[Black "Kalajzic, Ivan"]
[WhiteFideId "662569"]
[BlackFideId "14506378"]
[WhiteElo "2474"]
[BlackElo "2203"]
[Result "1-0"]
[Round "01"]
[TimeControl "180+1"]
[Date "2023.03.14"]
[WhiteClock "0:00:18"]
[BlackClock "0:00:01"]

1. b3 e5 2. Bb2 Nc6 3. e3 g6 4. Bb5 Bg7 5. Nf3 Nge7 6. d4 e4 7. Nfd2 f5 8. c4 Nb4 9. c5 c6 10. Bc4 b5 11. Be2 Nbd5 12. a4 b4 13. Nc4 O-O 14. O-O a5 15. f3 exf3 16. Bxf3 Ba6 17. Nbd2 Nf6 18. Re1 Ned5 19. Rc1 Re8 20. Ne5 Qc7 21. Ndc4 Re6 22. Nd6 Ne4 23. Nxe4 fxe4 24. Bxe4 Bxe5 25. dxe5 Rae8 26. Bxd5 cxd5 27. Qxd5 Bb7 28. Qd2 Qc6 29. Rf1 Rxe5 30. Bxe5 Rxe5 31. Rf2 Rxc5 32. Rcf1 Re5 33. Rf8+ Kg7 34. e4 Re7 35. Qd4+ Kh6 36. R8f3 Qxe4 37. Rh3+ Kg5 38. Qf2 Qe3 39. Rxe3 1-0


[Site "https://www.chess.com"]

[Event "Titled Tuesday Blitz March 14 Late 2023"]
[White "Steinberg, Nitzan"]
[Black "Jovic, Stanoje"]
[WhiteFideId "2801795"]
[BlackFideId "905020"]
[WhiteElo "2486"]
[BlackElo "2236"]
[Result "1-0"]
[Round "01"]
[TimeControl "180+1"]
[Date "2023.03.14"]
[WhiteClock "0:01:44"]
[BlackClock "0:00:10"]

1. Nf3 Nf6 2. g3 b5 3. Bg2 Bb7 4. O-O c5 5. d3 e6 6. e4 d5 7. e5 Nfd7 8. Re1 Nc6 9. h4 Be7 10. Bf4 a5 11. Nbd2 a4 12. a3 b4 13. Nf1 Nd4 14. Nxd4 cxd4 15. Nh2 Qb6 16. Qg4 g6 17. Bh6 Ba6 18. Nf3 b3 19. cxb3 axb3 20. Rad1 Nc5 21. Bf1 Na4 22. Rd2 Rc8 23. Nxd4 Kd7 24. Nxe6 fxe6 25. Qxa4+ Qb5 26. Qg4 Rc2 27. Bh3 Qb6 28. Rxc2 bxc2 29. Qa4+ Qb5 30. Qxc2 Qxd3 31. Bxe6+ Kxe6 32. Qc6+ Kf7 33. e6+ Kf6 34. Qc7 Rc8 35. Qe5# 1-0


[Site "https://www.chess.com"]

[Event "Titled Tuesday Blitz March 14 Late 2023"]
[White "Subelj, Jan"]
[Black "Dahl, Trygve"]
[WhiteFideId "14618583"]
[BlackFideId "1513427"]
[WhiteElo "2474"]
[BlackElo "2125"]
[Result "1-0"]
[Round "01"]
[TimeControl "180+1"]
[Date "2023.03.14"]
[WhiteClock "0:01:26"]
[BlackClock "0:00:53"]

1. e4 e5 2. Nc3 Nf6 3. f4 d5 4. fxe5 Nxe4 5. Qf3 Nxc3 6. bxc3 d4 7. Bc4 Be6 8. Bxe6 fxe6 9. Qxb7 Nd7 10. cxd4 Qh4+ 11. g3 Qd8 12. Nf3 Be7 13. Qc6 O-O 14. Qxe6+ Kh8 15. O-O Nb6 16. c3 c5 17. dxc5 Bxc5+ 18. d4 Be7 19. Bd2 Rc8 20. Rae1 Nc4 21. Bc1 Nb6 22. Qb3 Qc7 23. Bd2 Nc4 24. Bf4 Nb6 25. Rc1 Rfd8 26. e6 Qc6 27. Ne5 Qe4 28. Rce1 1-0


[Site "https://www.chess.com"]

[Event "Titled Tuesday Blitz March 14 Late 2023"]
[White "Szyszylo, Rafal"]
[Black "Albornoz Cabrera, Carlos Daniel"]
[WhiteFideId "1109626"]
[BlackFideId "3518736"]
[WhiteElo "1951"]
[BlackElo "2501"]
[Result "0-1"]
[Round "01"]
[TimeControl "180+1"]
[Date "2023.03.14"]
[WhiteClock "0:00:09"]
[BlackClock "0:00:53"]

1. e4 c6 2. d4 d5 3. e5 Bf5 4. Nf3 e6 5. Be2 Ne7 6. O-O Nd7 7. c3 Ng6 8. Re1 f6 9. exf6 Qxf6 10. Nbd2 Bd6 11. Nf1 O-O 12. Ng3 Be4 13. Qb3 Bxf3 14. Bxf3 Nh4 15. Re3 b6 16. Qc2 Rae8 17. Bg4 g6 18. f3 Re7 19. Bd2 Bf4 20. Re2 Bd6 21. Rae1 Rfe8 22. Qc1 Nf5 23. Bg5 Qf7 24. Bxe7 Rxe7 25. Bxf5 gxf5 26. Qg5+ Kf8 27. Qh6+ Kg8 28. Nh5 Qg6 29. Rxe6 Qxh6 30. Rxh6 Rxe1+ 31. Kf2 Bf8 0-1


[Site "https://www.chess.com"]

[Event "Titled Tuesday Blitz March 14 Late 2023"]
[White "Tarnowska, Aleksandra"]
[Black "Yang, Kevin"]
[WhiteFideId "1180967"]
[BlackFideId "30908485"]
[WhiteElo "1776"]
[BlackElo "2055"]
[Result "0-1"]
[Round "01"]
[TimeControl "180+1"]
[Date "2023.03.14"]
[WhiteClock "0:00:09"]
[BlackClock "0:00:06"]

1. e4 e6 2. d4 d5 3. Nd2 a6 4. c3 Nf6 5. e5 Nfd7 6. Bd3 c5 7. Ne2 Nc6 8. Nf3 Be7 9. O-O O-O 10. Nf4 Re8 11. h3 b5 12. Be3 Qc7 13. Nh2 Nf8 14. Qg4 Ng6 15. Nxg6 hxg6 16. h4 cxd4 17. cxd4 Nb4 18. Rac1 Qd8 19. Bb1 Bd7 20. h5 gxh5 21. Qxh5 f5 22. exf6 Bxf6 23. Bg6 Kf8 24. Qh8+ Ke7 25. Bxe8 Bxe8 26. a3 Nd3 27. Rc3 Nxb2 28. Ng4 Bg6 29. Qxd8+ Kxd8 30. Nxf6 gxf6 31. Rfc1 Nc4 32. f3 Kd7 33. Bf2 Rg8 34. Kf1 Bf5 35. g4 Bg6 36. Ke2 f5 37. gxf5 Bxf5 38. Rh1 Rg2 39. Rg1 Rh2 40. Rg7+ Kc6 41. Rg1 a5 42. Rf1 b4 43. axb4 axb4 44. Rb3 Kb5 45. Ra1 Bc2 46. Rbb1 Bxb1 47. Rxb1 Ka4 48. Ra1+ Na3 49. Kd3 Rxf2 50. Ke3 Rb2 51. f4 Rb3+ 52. Kf2 Rc3 53. f5 exf5 54. Re1 b3 55. Re5 b2 56. Re1 Rc1 57. Re2 b1=Q 58. Kf3 Rf1+ 59. Kg3 Qd3+ 60. Kh4 Qxe2 61. Kg5 Qg4+ 62. Kf6 f4 63. Ke5 f3 64. Kd6 f2 65. Kc5 Rc1+ 66. Kb6 f1=Q 67. Ka7 Qf7+ 68. Kb8 Qc8# 0-1


[Site "https://www.chess.com"]

[Event "Titled Tuesday Blitz March 14 Late 2023"]
[White "Thomforde-Toates, Noah"]
[Black "Winslow, Elliott"]
[WhiteFideId "30951992"]
[BlackFideId "2002523"]
[WhiteElo "2601"]
[BlackElo "2201"]
[Result "1-0"]
[Round "01"]
[TimeControl "180+1"]
[Date "2023.03.14"]
[WhiteClock "0:00:11"]
[BlackClock "0:00:01"]

1. c4 g6 2. g3 Bg7 3. Bg2 e5 4. Nc3 d6 5. d3 f5 6. Nf3 Nf6 7. Rb1 Nc6 8. O-O O-O 9. Bg5 h6 10. Bxf6 Bxf6 11. Nd2 Ne7 12. b4 g5 13. e3 Kg7 14. Nd5 Ng6 15. f4 exf4 16. exf4 g4 17. Nb3 h5 18. Re1 h4 19. Qe2 c6 20. Nxf6 Qxf6 21. Qb2 h3 22. Bh1 Bd7 23. Qxf6+ Kxf6 24. c5 d5 25. Nd4 Rae8 26. Kf2 Rxe1 27. Kxe1 Re8+ 28. Kd2 Nf8 29. Nc2 Ne6 30. d4 Nc7 31. a4 a6 32. Ne1 Rb8 33. Nd3 b6 34. cxb6 Rxb6 35. Ne5 Be8 36. Rc1 a5 37. bxa5 Rb2+ 38. Kd3 Rxh2 39. Nxc6 Na6 40. Bxd5 Rb2 41. Bh1 Rb3+ 42. Kc4 Rxg3 43. Kb5 Nc7+ 44. Kb6 Na8+ 45. Kb7 Ra3 46. Kxa8 Rxa4 47. Kb7 g3 48. a6 g2 49. Bxg2 hxg2 50. Ne5 Ke6 51. Rg1 Kd5 52. Rxg2 Kxd4 53. Rg8 Bb5 54. a7 Ke4 55. a8=Q Rxa8 56. Rxa8 Kxf4 57. Nf7 Ke3 58. Nd6 1-0


[Site "https://www.chess.com"]

[Event "Titled Tuesday Blitz March 14 Late 2023"]
[White "Tica, Sven"]
[Black "Quispe Santacruz, Javier"]
[WhiteFideId "14526948"]
[BlackFideId "3800920"]
[WhiteElo "2348"]
[BlackElo "1875"]
[Result "1-0"]
[Round "01"]
[TimeControl "180+1"]
[Date "2023.03.14"]
[WhiteClock "0:01:57"]
[BlackClock "0:00:50"]

1. e4 c5 2. Nc3 Nc6 3. f4 e6 4. Nf3 Nge7 5. e5 d5 6. Bb5 a6 7. Bxc6+ Nxc6 8. Ne2 b5 9. c3 Qb6 10. d4 Bb7 11. O-O Be7 12. Be3 O-O 13. g4 f5 14. exf6 gxf6 15. f5 e5 16. dxc5 Bxc5 17. Qxd5+ Kh8 18. Bxc5 Qc7 19. Bxf8 Nd4 20. Qc5 Nxe2+ 21. Kf2 Qf7 22. Qe7 Rxf8 23. Qxf7 Rxf7 24. Kxe2 Bd5 25. Rfd1 Bc4+ 26. Ke3 h5 27. h3 e4 28. Nh4 hxg4 29. hxg4 Bd3 30. Ng6+ Kg7 31. Rh1 Rd7 32. Rh8 Bc2 33. Rah1 1-0


[Site "https://www.chess.com"]

[Event "Titled Tuesday Blitz March 14 Late 2023"]
[White "Topalov, Aleksandar"]
[Black "Klekowski, Maciej"]
[WhiteFideId "925659"]
[BlackFideId "1132717"]
[WhiteElo "2151"]
[BlackElo "2540"]
[Result "0-1"]
[Round "01"]
[TimeControl "180+1"]
[Date "2023.03.14"]
[WhiteClock "0:00:12"]
[BlackClock "0:01:08"]

1. b3 d5 2. Bb2 Nf6 3. Nf3 c6 4. g3 Bf5 5. Bg2 Nbd7 6. O-O e6 7. d3 h6 8. Nbd2 Be7 9. c4 O-O 10. a3 a5 11. Ra2 Re8 12. Qa1 Bh7 13. Ne5 Bf8 14. Ndf3 Nc5 15. Nd2 Nfd7 16. Nxd7 Qxd7 17. Rc1 a4 18. bxa4 Nxa4 19. Bd4 c5 20. Bc3 d4 21. Bb2 Ra6 22. Rb1 h5 23. Re1 b5 24. cxb5 Qxb5 25. Nc4 Rb8 26. Bc1 Qe8 27. Bd2 Rb3 28. Rb1 Qb5 29. Re1 h4 30. Rc2 hxg3 31. hxg3 Nb6 32. Nxb6 Rxb6 33. a4 Qa6 34. a5 R6b5 35. Rec1 Bf5 36. Bf3 f6 37. Qa4 Bg6 38. Qc4 Bf7 39. Qa4 e5 40. Be4 g6 41. Rxc5 Bxc5 42. Rxc5 Rxc5 0-1


[Site "https://www.chess.com"]

[Event "Titled Tuesday Blitz March 14 Late 2023"]
[White "Torres Dominguez, David"]
[Black "Wadsworth, Matthew J"]
[WhiteFideId "2220857"]
[BlackFideId "415804"]
[WhiteElo "1999"]
[BlackElo "2330"]
[Result "0-1"]
[Round "01"]
[TimeControl "180+1"]
[Date "2023.03.14"]
[WhiteClock "0:00:03"]
[BlackClock "0:00:10"]

1. e4 e6 2. d4 d5 3. exd5 exd5 4. Bd3 Nf6 5. h3 Bd6 6. Qf3 Nc6 7. Ne2 Nb4 8. Bf4 Nxd3+ 9. Qxd3 O-O 10. Bxd6 Qxd6 11. Nbc3 c6 12. O-O Re8 13. Ng3 Bd7 14. a3 Re7 15. Rae1 Rae8 16. Qd2 g6 17. b4 h5 18. h4 Rxe1 19. Rxe1 Rxe1+ 20. Qxe1 Qf4 21. Qe5 Qxe5 22. dxe5 Ng4 23. f4 Ne3 24. Nb1 Nxc2 25. Kf2 Bg4 26. Nf1 Kf8 27. Ne3 Nxe3 28. Kxe3 Ke7 29. Nc3 Kd7 30. Na4 b6 31. Kd4 Bd1 32. Nc3 Bb3 33. g3 a5 34. Ne2 Ke6 35. Nc3 axb4 36. axb4 Kf5 37. Nb1 Kg4 38. Nd2 Ba2 39. Nf1 Kf3 40. Ne3 Kxg3 41. f5 gxf5 42. Nxf5+ Kf4 43. Nd6 c5+ 44. bxc5 bxc5+ 45. Kxc5 Kxe5 46. Nxf7+ Ke4 47. Ng5+ Ke3 48. Ne6 Kf3 49. Kd4 Kg4 0-1


[Site "https://www.chess.com"]

[Event "Titled Tuesday Blitz March 14 Late 2023"]
[White "Urazayev, Arystanbek"]
[Black "Mirimanian, Hayk"]
[WhiteFideId "13709810"]
[BlackFideId "4700180"]
[WhiteElo "2479"]
[BlackElo "2280"]
[Result "0-1"]
[Round "01"]
[TimeControl "180+1"]
[Date "2023.03.14"]
[WhiteClock "0:00:14"]
[BlackClock "0:00:45"]

1. d4 e6 2. c4 Nf6 3. Nf3 Bb4+ 4. Bd2 Qe7 5. g3 Nc6 6. Bg2 Bxd2+ 7. Nbxd2 a5 8. O-O d6 9. a3 O-O 10. Qc2 e5 11. d5 Nb8 12. b4 e4 13. Nd4 e3 14. N2b3 exf2+ 15. Rxf2 axb4 16. axb4 Rxa1+ 17. Nxa1 Qe3 18. Nf5 Bxf5 19. Qxf5 Qc1+ 20. Rf1 Qxc4 21. Nc2 Nbd7 22. Qd3 Qxd3 23. exd3 Nb6 24. Ne3 Re8 25. Kf2 Re5 26. Rc1 g6 27. Rxc7 Rxe3 28. Rxb7 Nbxd5 29. b5 Ng4+ 30. Kf1 Rxd3 31. Be4 Rb3 32. Bxd5 Ne3+ 0-1


[Site "https://www.chess.com"]

[Event "Titled Tuesday Blitz March 14 Late 2023"]
[White "Urbina Perez, Juan Antonio"]
[Black "Nakamura, Hikaru"]
[WhiteFideId "2217368"]
[BlackFideId "2016192"]
[WhiteElo "2197"]
[BlackElo "2879"]
[Result "0-1"]
[Round "01"]
[TimeControl "180+1"]
[Date "2023.03.14"]
[WhiteClock "0:00:02"]
[BlackClock "0:01:50"]

1. e4 g6 2. d4 Bg7 3. Nf3 c6 4. Bd3 d5 5. Nbd2 dxe4 6. Nxe4 Nf6 7. Nxf6+ exf6 8. O-O O-O 9. c3 a5 10. a4 Be6 11. Re1 Nd7 12. Bc2 Re8 13. Bf4 Qb6 14. Rb1 Ba2 15. Ra1 Qxb2 16. Bd2 Nb6 17. Qc1 Rxe1+ 18. Nxe1 Qxc1 19. Bxc1 Bc4 20. Rb1 Nd5 21. Rxb7 Nxc3 22. Bd2 Ne2+ 23. Kh1 Nxd4 24. Be4 f5 25. Bf3 Nxf3 26. Nxf3 Bd5 27. h3 h6 28. Ne1 g5 29. Nd3 f4 30. Nc5 Bd4 31. Nd7 Re8 32. Bxa5 Re2 33. h4 Rxf2 34. Rb8+ Kg7 0-1


[Site "https://www.chess.com"]

[Event "Titled Tuesday Blitz March 14 Late 2023"]
[White "Vachier-Lagrave, Maxime"]
[Black "Janaszak, Dawid"]
[WhiteFideId "623539"]
[BlackFideId "1119206"]
[WhiteElo "2740"]
[BlackElo "2220"]
[Result "1-0"]
[Round "01"]
[TimeControl "180+1"]
[Date "2023.03.14"]
[WhiteClock "0:00:50"]
[BlackClock "0:00:04"]

1. e4 c5 2. Nf3 Nc6 3. Bb5 g6 4. O-O Bg7 5. c3 Nf6 6. Qa4 O-O 7. d4 cxd4 8. cxd4 d5 9. e5 Ne4 10. Nc3 Bg4 11. Be3 Bxf3 12. gxf3 Nxc3 13. bxc3 e6 14. Rab1 Qh4 15. Kh1 Rac8 16. Rg1 Qh5 17. Be2 Ne7 18. Rxb7 Nf5 19. Qc2 Bh6 20. f4 Qh3 21. Qd2 Rc6 22. Bg4 Qh4 23. Bxf5 exf5 24. Rxa7 Qh3 25. Qe2 Rxc3 26. Rg3 Qh4 27. Kg2 Bxf4 28. Bxf4 Rfc8 29. e6 Qxf4 30. exf7+ Kh8 31. Qe8+ Rxe8 32. fxe8=R# 1-0


[Site "https://www.chess.com"]

[Event "Titled Tuesday Blitz March 14 Late 2023"]
[White "Visakh N R"]
[Black "Kaganskiy, Gleb"]
[WhiteFideId "25012223"]
[BlackFideId "4132025"]
[WhiteElo "2466"]
[BlackElo "2165"]
[Result "1-0"]
[Round "01"]
[TimeControl "180+1"]
[Date "2023.03.14"]
[WhiteClock "0:01:49"]
[BlackClock "0:00:08"]

1. c4 e6 2. Nc3 d5 3. e3 Nf6 4. Nf3 Be7 5. d4 O-O 6. Bd2 c5 7. dxc5 Bxc5 8. cxd5 exd5 9. Be2 Nc6 10. O-O Re8 11. Rc1 Bb6 12. Na4 Bg4 13. Bc3 Ne4 14. Nxb6 Nxc3 15. Rxc3 Qxb6 16. Rb3 Qa5 17. Ra3 Qb6 18. Rb3 Qa5 19. a3 Rad8 20. Rxb7 d4 21. Qc2 Bxf3 22. Bxf3 Ne5 23. Qf5 Nxf3+ 24. Qxf3 Qd5 25. Qxd5 Rxd5 26. exd4 a5 27. g3 Rxd4 28. Rc1 a4 29. Rcc7 Rf8 30. Kg2 g6 31. h4 h5 32. Rc6 Kg7 33. Rcb6 Re8 34. Rb4 Ree4 35. Rxd4 Rxd4 36. Rb4 Rd2 37. Kf3 Kf6 38. Ke3 Rc2 39. f3 Kg7 40. g4 hxg4 41. fxg4 Kf6 42. Kd3 Rh2 43. g5+ Kg7 44. Kc3 Rh3+ 45. Kc2 Rh2+ 46. Kb1 f5 47. gxf6+ Kxf6 48. Rxa4 Kf5 49. Rb4 Rg2 50. a4 Rg4 51. Rxg4 Kxg4 52. a5 Kxh4 53. a6 g5 54. a7 g4 55. a8=Q g3 56. Qh1+ Kg4 57. b4 1-0


[Site "https://www.chess.com"]

[Event "Titled Tuesday Blitz March 14 Late 2023"]
[White "Volkov, Sergey"]
[Black "Wu, Sibo"]
[WhiteFideId "4122763"]
[BlackFideId "8606048"]
[WhiteElo "2401"]
[BlackElo "2415"]
[Result "0-1"]
[Round "01"]
[TimeControl "180+1"]
[Date "2023.03.14"]
[WhiteClock "0:00:04"]
[BlackClock "0:00:22"]

1. d4 d5 2. c4 c6 3. e3 Nf6 4. Nc3 a6 5. Nf3 Bg4 6. Qb3 b5 7. cxd5 Bxf3 8. gxf3 cxd5 9. a4 b4 10. Qxb4 Nc6 11. Qc5 Qd7 12. Qb6 e6 13. Rg1 Bb4 14. e4 Ke7 15. e5 Rhb8 16. Qxb8 Rxb8 17. Rxg7 Nxd4 18. Bg5 Nxf3+ 19. Kd1 Nxg5 20. Rxg5 Ne4 21. Rg7 Bxc3 22. bxc3 Nxc3+ 23. Ke1 Qc7 24. f4 Qc5 25. Rg3 Ne4 26. Rf3 Rb2 27. Bxa6 Qb4+ 28. Kf1 Nd2+ 29. Kg2 Nxf3+ 30. Kxf3 Qe4+ 31. Kg3 Rg2+ 32. Kh3 Qf3+ 0-1


[Site "https://www.chess.com"]

[Event "Titled Tuesday Blitz March 14 Late 2023"]
[White "Weetik, Vjacheslav"]
[Black "Tsyhanchuk, Stanislav"]
[WhiteFideId "4153472"]
[BlackFideId "13505130"]
[WhiteElo "2469"]
[BlackElo "2173"]
[Result "1-0"]
[Round "01"]
[TimeControl "180+1"]
[Date "2023.03.14"]
[WhiteClock "0:00:14"]
[BlackClock "0:00:24"]

1. d4 Nf6 2. Bf4 e6 3. e3 d5 4. Nd2 c5 5. c3 Nc6 6. Bd3 b6 7. Ngf3 Bb7 8. Ne5 Bd6 9. Bb5 Bxe5 10. dxe5 Nd7 11. Qg4 g6 12. Nf3 h5 13. Qg3 c4 14. Nd4 Qc7 15. Nxe6 fxe6 16. Qxg6+ Kd8 17. Qxe6 a6 18. Ba4 b5 19. Bc2 Ncxe5 20. O-O-O Qc6 21. Qf5 Re8 22. e4 Qg6 23. Qxg6 Nxg6 24. Bg5+ Kc7 25. exd5 Nge5 26. d6+ Kb8 27. Rhe1 a5 28. Kb1 Ka7 29. Be3+ Ka6 30. Bd4 Nc6 31. Be3 Nde5 32. Bf5 Rad8 33. d7 Re7 34. Bg5 Rexd7 35. Bxd8 Nxd8 36. Bxd7 Nxd7 37. Rxd7 Nc6 38. Re6 Kb6 39. Rdd6 b4 40. Rxc6+ Bxc6 41. Rxc6+ Kxc6 42. Kc2 Kd5 43. Kd2 Ke4 44. Ke2 b3 45. a3 a4 46. f3+ Kf4 47. g3+ Kf5 48. Ke3 Ke5 49. h3 Kf5 50. Kd4 Kg5 51. Kxc4 h4 52. gxh4+ Kxh4 53. Kb4 Kxh3 54. Kxa4 Kg3 55. Kxb3 Kxf3 56. Kc4 Ke2 57. Kd5 Kd1 58. c4 Kc1 59. b4 Kb1 60. a4 Ka1 61. a5 Ka2 62. a6 Kb1 63. b5 Ka1 64. c5 Ka2 65. b6 Kb1 66. c6 Ka1 67. c7 Ka2 68. b7 Kb1 69. a7 Ka1 70. a8=Q+ Kb1 71. b8=Q+ Kc1 72. c8=Q+ Kd1 73. Qb2 Ke1 74. Qcc1# 1-0


[Site "https://www.chess.com"]

[Event "Titled Tuesday Blitz March 14 Late 2023"]
[White "Womacka, Mathias"]
[Black "Lenderman, Aleksandr"]
[WhiteFideId "4611390"]
[BlackFideId "2021285"]
[WhiteElo "2377"]
[BlackElo "2607"]
[Result "0-1"]
[Round "01"]
[TimeControl "180+1"]
[Date "2023.03.14"]
[WhiteClock "0:00:15"]
[BlackClock "0:01:11"]

1. e4 e5 2. Nf3 Nf6 3. Nxe5 d6 4. Nf3 Nxe4 5. d4 d5 6. Bd3 Nc6 7. O-O Be7 8. c4 Nb4 9. Be2 O-O 10. Nc3 Bf5 11. a3 Nxc3 12. bxc3 Nc6 13. cxd5 Qxd5 14. Bf4 Bd6 15. c4 Qe4 16. Bxd6 cxd6 17. Re1 Qf4 18. g3 Qh6 19. d5 Na5 20. Nd4 Bh3 21. Bg4 Bxg4 22. Qxg4 Qf6 23. Nf5 g6 24. Ne3 Nb3 25. Rab1 Nc5 26. Kg2 Rfe8 27. Qf3 Qxf3+ 28. Kxf3 Re4 29. Rec1 Rae8 30. Rc3 f5 31. h4 Kg7 32. Ng2 h6 33. Re3 Rxe3+ 34. Nxe3 Re4 35. Rc1 Kf6 36. Rc3 b6 37. Ng2 g5 38. hxg5+ hxg5 39. Ne3 Ke5 40. g4 Rf4+ 41. Kg3 Ne4+ 0-1


[Site "https://www.chess.com"]